[Event "*** SCC Grand Prix: Titled Tuesday Blitz"]
[Site "Chess.com"]
[Date "2020.10.06"]
[Round "10"]
[White "vladimirdamjanovic"]
[Black "Ural_bogatyr"]
[Result "0-1"]
[WhiteElo "2521"]
[BlackElo "2388"]
[TimeControl "180+1"]
[EndTime "11:58:16 PDT"]
[Termination "Ural_bogatyr won by checkmate"]

1. e4 e5 2. Nc3 Nf6 3. Bc4 Nc6 4. d3 Na5 5. Bb3 Bc5 6. f4 d6 7.
Nf3 Nxb3 8. axb3 Qe7 9. fxe5 dxe5 10. Bg5 c6 11. Qe2 h6 12. Be3 Nh5 13. Bxc5 Qxc5 14. Qf2 Qxf2+ 15. Kxf2 f6 16. Na4 a6 17. Nb6 Rb8 18. g3 Be6 19. Nd2 Kd8 20. Na4 Kc7 21. Nc5 Bh3 22. Nc4 Rhf8 23. Ke3 Rbe8 24. Nxa6+ bxa6 25. Rxa6 Ra8 26. Rha1 Rxa6 27. Rxa6 f5 28. exf5 Nf6 29.
Ra7+ Kb8 30. Rxg7 Bxf5 31. Nxe5 Nd5+ 32. Kd4 Kc8 33. Nxc6 Nc7 34. Ne7+ Kd8 35. Ke5 Bd7 36.
Ng6 Re8+ 37. Kf6 Re6+ 38. Kf7 Be8+ 39. Kf8 Bxg6 40. Rg8 Be8 41. c4 Re7 42. Rg4 Ne6+ 43. Kg8 Rf7 44. Re4 Ke7 45. d4 Rg7+ 46. Kh8 Kf7 47. d5 Rg8+ 48. Kh7 Ng5+ 49. Kxh6 Nxe4 50. b4 Rh8# 0-1

[Event "*** SCC Grand Prix: Titled Tuesday Blitz"]
[Site "Chess.com"]
[Date "2020.10.06"]
[Round "10"]
[White "Smirnov_Pavel"]
[Black "rasmussvane"]
[Result "1-0"]
[WhiteElo "2825"]
[BlackElo "2900"]
[TimeControl "180+1"]
[EndTime "11:58:18 PDT"]
[Termination "Smirnov_Pavel won by checkmate"]

1. d4 d5 2. c4 e6 3. Nf3 a6 4. e3 Nf6 5. Nc3 dxc4 6. Bxc4 b5 7. Bb3 Bb7 8. O-O c5 9. e4 cxd4 10. Nxd4 Nc6 11. Nxc6 Bxc6 12. Qe2 Bc5 13. e5 Nd7 14. Ne4 Be7 15. Rd1 O-O 16. Bf4 Qb6 17. Rac1 Rfd8 18. Nd6 a5 19. Nxf7 Kxf7 20. Qh5+ Kg8 21. Bxe6+ Kh8 22.
Rxc6 Qxc6 23. Bd5 Qa6 24. Bxa8 Qxa8 25. h3 Nf8 26. Re1 Qd5 27. Be3 Qe6 28. Qe2 b4 29.
Qb5 Qd5 30. Qxd5 Rxd5 31. f4 Kg8 32. Kf2 Kf7 33. Kf3 Rd7 34. f5 Ke8 35. Ke4 Rc7 36.
Bb6 Rc2 37. e6 Rxb2 38. Rc1 Bd8 39. Rc8 Rd2 40. Bd4 g6 41. g4 g5 42. Bc5 a4 43.
e7 b3 44. exf8=Q+ Kd7 45. Qxd8# 1-0

[Event "*** SCC Grand Prix: Titled Tuesday Blitz"]
[Site "Chess.com"]
[Date "2020.10.06"]
[Round "10"]
[White "Msb2"]
[Black "Sibelephant"]
[Result "0-1"]
[WhiteElo "2931"]
[BlackElo "3101"]
[TimeControl "180+1"]
[EndTime "11:58:19 PDT"]
[Termination "Sibelephant won by resignation"]

1. d4 d5 2. c4 c6 3. Nc3 Nf6 4. cxd5 cxd5 5. Bf4 Nc6 6. e3 a6 7. Be2 Bf5 8. Nf3 e6 9. Qb3 Ra7 10. O-O Be7 11. Rfc1 Nd7 12. Na4 g5 13. Be5 Rg8 14. Bg3 h5 15. h3 h4 16. Bh2 g4 17.
hxg4 Bxg4 18. Kh1 Kf8 19. Qd1 h3 20. gxh3 Bxh3 21. Bf1 Bg4 22. Be2 Nf6 23. Nd2 Bd6 24. f4 Ne7 25. Nf1 Ne4 26. Qe1 Bxe2 27. Qxe2 Nf5 28. Nc3 Nf6 29. Nd1 Ng4 30. Rc2 Rg6 31. Qf3 Qh4 32. Rg2 Ke7 33. Rc1 Ra8 34. Kg1 Rag8 35. Bg3 Qh3 36. Nf2 Nxf2 37. Kxf2 Nh4 38. Rh2 Qxh2+ 39. Nxh2 Nxf3 40. Nxf3 Rxg3 41. Ne5 Rg2+ 42.
Kf1 Rg1+ 0-1

[Event "*** SCC Grand Prix: Titled Tuesday Blitz"]
[Site "Chess.com"]
[Date "2020.10.06"]
[Round "10"]
[White "Snegokhod"]
[Black "shnitez"]
[Result "1-0"]
[WhiteElo "2423"]
[BlackElo "2539"]
[TimeControl "180+1"]
[EndTime "11:58:19 PDT"]
[Termination "Snegokhod won on time"]

1. e4 c5 2. Nf3 e6 3. d3 Nc6 4.
g3 g6 5. Bg2 Bg7 6. O-O Nge7 7.
Re1 O-O 8. e5 b6 9. Nc3 Bb7 10. h4 d6 11. exd6 Qxd6 12. Ne4 Qd7 13. h5 Nd5 14. h6 Bh8 15. a3 Rac8 16. Rb1 Nd4 17. Nh2 Nf6 18. c3 Nf5 19. Qe2 Nxe4 20. dxe4 Ne7 21. Rd1 Qc6 22. Bf4 Rfd8 23. Bg5 Qe8 24.
Ng4 Rxd1+ 25. Rxd1 Rd8 26. Nf6+ Bxf6 27. Bxf6 Rxd1+ 28. Qxd1 Nc6 29. Qd6 Qf8 30. e5 Qc8 31. b4 cxb4 32. cxb4 a6 33. Bg5 Kh8 34. Be3 b5 35.
Bb6 Kg8 36. Bc5 Qd8 37. f4 Qc8 38. Kh2 Qd8 39. Kh3 Qc8 40. g4 Qe8 41. Kg3 Qc8 42.
Be4 Qe8 43. f5 exf5 44. gxf5 Ba8 45. e6 gxf5 46. exf7+ Kxf7 47. Bd5+ 1-0

[Event "*** SCC Grand Prix: Titled Tuesday Blitz"]
[Site "Chess.com"]
[Date "2020.10.06"]
[Round "10"]
[White "Sergienko_Sergey"]
[Black "chessdjw"]
[Result "0-1"]
[WhiteElo "2393"]
[BlackElo "2647"]
[TimeControl "180+1"]
[EndTime "11:58:20 PDT"]
[Termination "chessdjw won on time"]

1. e4 c5 2. Nf3 d6 3. Bb5+ Nd7 4. c3 Nf6 5. Qe2 a6 6. Ba4 b5 7. Bc2 Bb7 8. d4 e6 9. O-O Be7 10. Re1 Rc8 11. Bd3 Qc7 12. Nbd2 O-O 13. Nf1 Rfe8 14. Ng3 Bf8 15. Bd2 g6 16. Rad1 Bg7 17. h3 Nb6 18. Bg5 Na4 19. Qd2 e5 20. Bh6 Bxh6 21. Qxh6 Qe7 22.
Qd2 Kg7 23. Bb1 h6 24. Nh4 Kh7 25. f4 Nxe4 26. Nxe4 Bxe4 27. Bxe4 Qxh4 28. f5 g5 29. f6+ Kh8 30. Bb1 Qf4 31. Qd3 e4 32. Rxe4 Rxe4 33.
Qxe4 Qxe4 34. Bxe4 Nxb2 35. Rd2 Nc4 36. Rf2 cxd4 37.
cxd4 Kg8 38. Bd5 Nb6 39. Bb3 a5 40. Re2 a4 41. Bc2 Nd5 42. Bf5 Rc1+ 43. Kh2 Nxf6 0-1

[Event "*** SCC Grand Prix: Titled Tuesday Blitz"]
[Site "Chess.com"]
[Date "2020.10.06"]
[Round "10"]
[White "Viaje"]
[Black "remi04"]
[Result "1-0"]
[WhiteElo "2394"]
[BlackElo "2522"]
[TimeControl "180+1"]
[EndTime "11:58:20 PDT"]
[Termination "Viaje won by resignation"]

1. d4 d5 2. c4 c6 3. Nf3 e6 4. Qc2 Nf6 5. Bg5 Nbd7 6. e3 Qa5+ 7. Nc3 Ne4 8. Bh4 Bb4 9. Rc1 Nxc3 10. bxc3 Ba3 11. Rb1 b6 12. cxd5 exd5 13. Bd3 h6 14. O-O Ba6 15. c4 O-O 16. Rfd1 Rac8 17. Bf5 Rc7 18. cxd5 Qxd5 19. e4 Qc4 20. Qd2 Bc8 21.
Qf4 Rb7 22. Qg4 Re8 23. e5 Qd5 24. Rb3 Bf8 25. Qf4 g6 26. Be4 Qc4 27. Rc1 Qa6 28. Rxc6 Qxa2 29. Rbc3 Rb8 30. Rc7 b5 31. d5 b4 32. Rc2 Qa6 33. e6 fxe6 34. Bxg6 Qa1+ 35. Rc1 Qg7 36. dxe6 Rxe6 37. Bf5 Rd6 38. Rxd7 Bxd7 39. Ne5 Bxf5 40. Qxf5 b3 41. Nc4 b2 42. Nxb2 Rxb2 43.
Rf1 Kh8 44. h3 Rd7 45. Bg3 Rb8 46. Be5 Re8 47. Bxg7+ Bxg7 48. Qg4 Rg8 49. Qf3 Rf7 50. Qxf7 Kh7 51. Qe6 1-0

[Event "*** SCC Grand Prix: Titled Tuesday Blitz"]
[Site "Chess.com"]
[Date "2020.10.06"]
[Round "10"]
[White "tigra"]
[Black "GHANDEEVAM2003"]
[Result "0-1"]
[WhiteElo "2843"]
[BlackElo "2975"]
[TimeControl "180+1"]
[EndTime "11:58:21 PDT"]
[Termination "GHANDEEVAM2003 won by resignation"]

1. e4 c5 2. Nf3 d6 3. Nc3 Nf6 4. e5 dxe5 5. Nxe5 a6 6. g3 Nbd7 7. Nc4 b5 8. Bg2 Rb8 9. Ne3 Bb7 10. Bxb7 Rxb7 11. d4 cxd4 12. Qxd4 e6 13. Ne4 Qb6 14. Qxb6 Rxb6 15. Nxf6+ gxf6 16. Bd2 Rc6 17. O-O-O h5 18.
a3 h4 19. g4 h3 20. Bc3 Bh6 21. Rhg1 Bf4 22. Rh1 Ne5 23. Rd4 Rc4 24. Rxc4 Nxc4 25. Bxf6 Rg8 26. Rd1 Nd6 27. c4 bxc4 28. Kb1 Kf8 29.
Nxc4 Ne8 30. Rd8 Rg6 31. Be5 Rxg4 32. Bxf4 Rxf4 33. Nd6 Ke7 34. Rxe8+ Kxd6 35. Rh8 Rf3 36. a4 a5 37. Kc2 Rxf2+ 38. Kc3 Rxh2 39. b4 axb4+ 40.
Kxb4 Rh1 41. Ka5 h2 42. Rd8+ Ke5 43. Rd2 f5 44. Re2+ Kf6 45. Ra2 f4 46. Ka6 f3 47.
a5 e5 48. Ka7 e4 49. a6 e3 50. Ka8 f2 51. a7 0-1

[Event "*** SCC Grand Prix: Titled Tuesday Blitz"]
[Site "Chess.com"]
[Date "2020.10.06"]
[Round "10"]
[White "m_ezat"]
[Black "A-Fier"]
[Result "0-1"]
[WhiteElo "2566"]
[BlackElo "2775"]
[TimeControl "180+1"]
[EndTime "11:58:21 PDT"]
[Termination "A-Fier won by resignation"]

1. d4 Nf6 2. c4 c5 3. d5 b5 4. cxb5 a6 5. Nc3 axb5 6. e4 b4 7. Nb5 d6 8. Bf4 Nxe4 9. Qe2 g5 10. Be5 dxe5 11. Qxe4 Bg7 12. Nf3 O-O 13. Nxg5 f5 14.
Qh4 h6 15. Ne6 Bxe6 16. dxe6 Nc6 17. Bc4 e4 18. O-O Ne5 19. Rad1 Qa5 20. Be2 Qxa2 21.
Nc7 Rad8 22. Qxe7 Rxd1 23. Rxd1 Qxb2 24. Bh5 Nd3 25. Bf7+ Kh8 26. Qh4 Qf6 27. Qg3 Rxf7 28. exf7 Qxf7 29. Qd6 c4 30. Ne6 c3 31. Nxg7 Kxg7 32.
Qd4+ Kh7 33. Rxd3 exd3 34. Qxd3 Qe6 35. h3 Qe1+ 36. Kh2 Qe5+ 37. g3 b3 38. Qd7+ Kg6 39.
Qc6+ Qf6 40. Qe8+ Kh7 41. Qd7+ Kh8 42. Qe8+ Kg7 43. Qd7+ Kf8 44. Qc8+ Kf7 45. Qb7+ Kf8 46. Qxb3 Qc6 47. Qb8+ Kf7 48. Qa7+ Kg6 49. Qa1 c2 50. Qc1 Qc3 51. h4 Qd3 52. Qf4 Qd1 53. h5+ Qxh5+ 54. Kg2 Qd1 55. g4 Qxg4+ 56. Qxg4+ fxg4 0-1

[Event "*** SCC Grand Prix: Titled Tuesday Blitz"]
[Site "Chess.com"]
[Date "2020.10.06"]
[Round "10"]
[White "Vadim_Biliy"]
[Black "mr65"]
[Result "1-0"]
[WhiteElo "2313"]
[BlackElo "2158"]
[TimeControl "180+1"]
[EndTime "11:58:21 PDT"]
[Termination "Vadim_Biliy won on time"]

1. d4 Nf6 2. Nf3 g6 3. e3 Bg7 4. Be2 O-O 5. O-O d6 6. b4 a5 7. b5 b6 8. Bb2 Bb7 9. a4 Nbd7 10.
c4 e5 11. Nc3 e4 12. Nd2 Qe7 13.
Qc2 Rae8 14. Rae1 Nh5 15. Bxh5 gxh5 16. d5 f5 17. f3 exf3 18. Rxf3 Ne5 19. Rxf5 Rxf5 20.
Qxf5 Bc8 21. Qe4 Rf8 22. Rf1 Bh6 23. Rxf8+ Qxf8 24. Nf3 Bf5 25. Qd4 Nd3 26. Nd1 Nxb2 27. Qxb2 Be4 28. Qf2 Qe7 29. Nd4 Bg6 30. g3 h4 31.
gxh4 Bh5 32. Nf5 Qf6 33. Nxh6+ Qxh6 34. Qg3+ Kh8 35. Nf2 Qf6 36. Qf4 Qa1+ 37. Kg2 Kg7 38. Qg5+ Bg6 39. Kg3 Qe5+ 40. Qxe5+ dxe5 41. e4 Bh5 42. Ng4 h6 43. Nxe5 Bd1 44. Nc6 Bxa4 45. Nd8 1-0

[Event "*** SCC Grand Prix: Titled Tuesday Blitz"]
[Site "Chess.com"]
[Date "2020.10.06"]
[Round "10"]
[White "VladaSviridova"]
[Black "Fischerev7"]
[Result "0-1"]
[WhiteElo "2240"]
[BlackElo "2341"]
[TimeControl "180+1"]
[EndTime "11:58:22 PDT"]
[Termination "Fischerev7 won by resignation"]

1. d4 Nf6 2. c4 e6 3. Nf3 Bb4+ 4. Bd2 a5 5. g3 O-O 6. Bg2 d5 7. Qc2 c5 8. cxd5 cxd4 9. Nxd4 Nxd5 10. O-O e5 11. Nf3 Nc6 12. a3 Be7 13. Nc3 Nxc3 14. Bxc3 Bf6 15. Rfd1 Qe7 16. Nd2 g6 17. e4 Be6 18.
Bf1 Qc5 19. Rac1 Rfd8 20. Qa4 Qb6 21. Bb5 Nd4 22. Bxd4 Rxd4 23. Bc4 Rad8 24. Bxe6 Rxa4 25. Nc4 Rxc4 26. Bxc4 Rxd1+ 27. Rxd1 Qc7 28. b3 Kg7 29. a4 b6 30. Rd5 h5 31. h4 g5 32. hxg5 Bxg5 33.
Kg2 h4 34. f4 Bf6 35. f5 hxg3 36. Kxg3 Bg5 37. Kg4 Bf4 38. Rd3 Qc6 39. Rh3 Qf6 40. Rd3 Qg5+ 41. Kf3 Qg3+ 42. Ke2 Qg2+ 43. Kd1 Qxe4 44.
Rd7 Qb1+ 45. Ke2 Qc2+ 46. Kf3 Qxf5 47. Rxf7+ Qxf7 48. Bxf7 Kxf7 49. Ke4 Ke6 0-1

[Event "*** SCC Grand Prix: Titled Tuesday Blitz"]
[Site "Chess.com"]
[Date "2020.10.06"]
[Round "10"]
[White "PattyCastillo"]
[Black "Chopper1905"]
[Result "0-1"]
[WhiteElo "1989"]
[BlackElo "2919"]
[TimeControl "180+1"]
[EndTime "11:58:22 PDT"]
[Termination "Chopper1905 won on time"]

1. d4 h5 2. Nf3 a5 3. e4 b6 4. Bd3 Bb7 5. O-O g6 6. Bg5 Bg7 7. c3 Nc6 8. Nbd2 Nf6 9. a3 Nh7 10. Bf4 d6 11. Re1 e5 12. Be3 O-O 13. Qc2 Qe7 14.
Nc4 Rae8 15. Rad1 Nf6 16. b4 axb4 17. axb4 Ng4 18. d5 Nxe3 19. Nxe3 Nb8 20. c4 Nd7 21. Nd2 Bh6 22. Nb3 Ra8 23. h3 Ra4 24. Qc3 Ra3 25.
Qb2 Rfa8 26. Nc2 Ra2 27. Qc3 c5 28. bxc5 bxc5 29. Ra1 Qd8 30. Rxa2 Rxa2 31. Ra1 Qa8 32. Rxa2 Qxa2 33. Na5 Bc8 34. Nc6 Kf8 35. Qa1 Qxa1+ 36. Nxa1 Nb6 37. Nb3 Na4 38. Nba5 Bd2 39. Nb3 Bc3 40.
Bc2 Nb2 41. Nca5 Ba6 42. Kf1 Nxc4 43. Nxc4 Bxc4+ 44. Kg1 Ke7 45. Nc1 Bd2 46. Nd3 Bb5 47. f3 f5 48. Kf2 Kf6 49. Ke2 Bc3 50. Kd1 Kg5 51. Ke2 Kh4 52. Kf2 Bd4+ 53. Kf1 Kg3 54. exf5 gxf5 0-1

[Event "*** SCC Grand Prix: Titled Tuesday Blitz"]
[Site "Chess.com"]
[Date "2020.10.06"]
[Round "10"]
[White "PlotnikovPavel"]
[Black "MasterMK73"]
[Result "1-0"]
[WhiteElo "2357"]
[BlackElo "2216"]
[TimeControl "180+1"]
[EndTime "11:58:23 PDT"]
[Termination "PlotnikovPavel won on time"]

1. e4 c5 2. Nf3 a6 3. g3 Nc6 4. Bg2 e6 5. d3 g6 6. O-O Bg7 7. c3 Nge7 8. Re1 d6 9. Nbd2 O-O 10. a4 e5 11. Nc4 h6 12. a5 Be6 13. h4 f5 14.
exf5 Bxf5 15. Nb6 Bg4 16. Nxa8 Qxa8 17. Qb3+ d5 18. Nh2 Be6 19. Qb6 Qe8 20. Qxc5 Qf7 21. Nf3 Nf5 22. h5 gxh5 23. Bd2 d4 24. c4 h4 25. g4 Nfe7 26. b4 Bxg4 27. Nh2 Qg6 28. Nxg4 Qxg4 29. Re4 Qf5 30. Rf1 h3 31. Bh1 Qg6+ 32.
Kh2 Nf5 33. Rg1 Qh5 34. Reg4 Kh8 35. Be4 Rg8 36. Bxf5 Qxf5 37. Bxh6 Qxf2+ 38. Kxh3 Qf3+ 39. Kh2 Qf2+ 40. R1g2 Qf5 41. Bxg7+ Rxg7 42. Rh4+ 1-0

[Event "*** SCC Grand Prix: Titled Tuesday Blitz"]
[Site "Chess.com"]
[Date "2020.10.06"]
[Round "10"]
[White "hungrycaterpillar4"]
[Black "penguingm1"]
[Result "0-1"]
[WhiteElo "2640"]
[BlackElo "2850"]
[TimeControl "180+1"]
[EndTime "11:58:25 PDT"]
[Termination "penguingm1 won by checkmate"]

1. Nf3 d5 2. b3 c5 3. Bb2 Nc6 4.
e3 Nf6 5. Bb5 Qb6 6. Bxc6+ Qxc6 7.
Ne5 Qc7 8. f4 g6 9. O-O Bg7 10. d3 Ng4 11. Qe2 Nxe5 12. fxe5 Bxe5 13. Bxe5 Qxe5 14. Nd2 O-O 15. Nf3 Qc3 16. Qf2 Bd7 17.
Rae1 Bc6 18. Qh4 f6 19. Re2 Rad8 20. Ref2 Rf7 21. Qh6 Rdf8 22. h4 Bd7 23. h5 Rg7 24. d4 g5 25. Ne5 Bc8 26. Nf3 Qxe3 27. Re1 Qc3 28. Rfe2 e6 29. Rf2 g4 30. Re3 Qa1+ 31.
Re1 Qc3 32. Re3 Qa5 33. Nh4 cxd4 34. Rg3 Qc7 35. Rd3 e5 36. Qd2 Qc6 37. h6 Rg5 38.
Rg3 Qe8 39. Rxf6 Qh5 40. Rxf8+ Kxf8 41. Qb4+ Ke8 42. Qc5 Bd7 43. Qxa7 Qxh4 44. Qb8+ Ke7 45. Rd3 Qe1+ 46. Kh2 Rh5+ 47. Rh3 g3# 0-1

[Event "*** SCC Grand Prix: Titled Tuesday Blitz"]
[Site "Chess.com"]
[Date "2020.10.06"]
[Round "10"]
[White "rududuyk"]
[Black "tk22h"]
[Result "1/2-1/2"]
[WhiteElo "2171"]
[BlackElo "2329"]
[TimeControl "180+1"]
[EndTime "11:58:27 PDT"]
[Termination "Game drawn by repetition"]

1. e4 e5 2. Nf3 Nc6 3. Nc3 Nf6 4. d4 Bb4 5. d5 Ne7 6. Nxe5 Nxe4 7. Qd4 Nxc3 8.
bxc3 Bd6 9. Bd3 O-O 10. Nc4 Ng6 11. Nxd6 Qe7+ 12. Ne4 f5 13. O-O fxe4 14. Bxe4 d6 15. Rb1 b6 16. Bxg6 hxg6 17. Bb2 Bf5 18. c4 Bxc2 19.
Rbe1 Qf7 20. Re2 Bf5 21. Rfe1 Qf6 22. Qd2 Qh4 23. Re7 Rf7 24. Re8+ Rxe8 25. Rxe8+ Kh7 26. Qe2 Bd3 27. Rh8+ Kxh8 28. Qe8+ Kh7 29. Qxf7 Qh6 30. Qxc7 g5 31. h3 Qg6 32. g4 a5 33. Qc8 Qe4 34. Qc7 Qe1+ 35. Kg2 Qe4+ 36. Kg1 Qe1+ 37. Kg2 Be4+ 38.
f3 Qe2+ 39. Kg1 Qd1+ 40. Kh2 Qd2+ 41. Kg3 Qxb2 42. fxe4 Qc3+ 43. Kf2 Qd2+ 44. Kf3 Qd3+ 45. Kf2 Qd2+ 46. Kg3 Qf4+ 47. Kg2 Qxe4+ 48. Kg3 Qe3+ 49.
Kg2 Qe2+ 50. Kg3 Qe3+ 51. Kg2 Qe2+ 52. Kg3 Qe3+ 1/2-1/2

[Event "*** SCC Grand Prix: Titled Tuesday Blitz"]
[Site "Chess.com"]
[Date "2020.10.06"]
[Round "10"]
[White "CzechmVIII"]
[Black "Me_ch_an"]
[Result "0-1"]
[WhiteElo "2158"]
[BlackElo "2314"]
[TimeControl "180+1"]
[EndTime "11:58:28 PDT"]
[Termination "Me_ch_an won by checkmate"]

1. e4 c5 2. Nf3 Nc6 3. Nc3 e6 4. d4 cxd4 5. Nxd4 Qb6 6. Ndb5 a6 7. Nd6+ Bxd6 8. Qxd6 Qb4 9. Qg3 Qf8 10. Bf4 Nf6 11. Bd6 Nh5 12. Qd3 Nb4 13. Qd2 Nxc2+ 14. Kd1 Qg8 15. Kxc2 b5 16. Rd1 Bb7 17. f3 Rc8 18. Kb1 Bc6 19. g4 Nf6 20. g5 Nh5 21. Be2 h6 22. g6 fxg6 23. e5 Qf7 24. Ne4 Qf4 25. Qxf4 Nxf4 26. Bf1 Bd5 27. Ba3 Rc6 28. Nd6+ Rxd6 29.
exd6 Bxf3 30. Bxb5 Bxh1 31. Rxh1 axb5 32. Rc1 Kf7 33.
Rc7 Rd8 34. Rb7 e5 35. Rxb5 Ke6 36. b3 Nd5 37. Rb7 Rc8 38. Bc1 e4 39. Rb5 Nc3+ 40.
Kb2 Nxb5 41. Be3 Nxd6 42. a4 Nf5 43. Bf2 e3 44. Be1 e2 45. a5 Nd4 46. a6 Ra8 47. b4 Rxa6 48. Kc3 Nf3 49. Kc4 Nxe1 50. Kb5 Ra8 51. Kb6 Rb8+ 52. Ka5 Nd3 53. b5 Rxb5+ 54. Ka6 e1=Q 55. Kxb5 Qb4+ 56. Ka6 Nc5+ 57. Ka7 Qb7# 0-1

[Event "*** SCC Grand Prix: Titled Tuesday Blitz"]
[Site "Chess.com"]
[Date "2020.10.06"]
[Round "10"]
[White "Orest_Vovk"]
[Black "Kavyev_Ruslan"]
[Result "1/2-1/2"]
[WhiteElo "2452"]
[BlackElo "2576"]
[TimeControl "180+1"]
[EndTime "11:58:29 PDT"]
[Termination "Game drawn by agreement"]

1. d4 Nf6 2. Bf4 c5 3. c3 Qb6 4. Qb3 Qxb3 5. axb3 cxd4 6. cxd4 e6 7. Bxb8 Rxb8 8. Rxa7 d5 9. e3 Bd7 10. Nc3 Bb4 11.
Bd3 O-O 12. Ne2 Ra8 13. Rxa8 Rxa8 14. O-O Ne8 15. Rc1 Nd6 16. f3 Rc8 17. Kf2 Kf8 18. Na2 Rxc1 19. Nexc1 Ba5 20. b4 Bb6 21. Nb3 Ke7 22.
Nc5 Bc8 23. b3 Bc7 24. Nc3 b6 25. Na6 Bd8 26. b5 Bd7 27. Nb8 Be8 28. Nc6+ Kd7 29. Na4 Bc7 30. h4 Kc8 31. Nc3 h6 32. g4 Kb7 33. Nb4 Bd8 34. h5 Be7 35. Na6 Bd7 36.
f4 Nxb5 37. Bxb5 Bxb5 38. Nxb5 Kxa6 39. Nc3 Ka5 40. Na2 Kb5 41. Ke2 Bb4 42. Kd3 Be1 43.
Nc1 Kb4 44. Kc2 Bh4 45. Nd3+ Ka3 46. Ne5 f5 47. gxf5 exf5 48. Nd7 Bf2 49. Nxb6 Bxe3 50. Nxd5 Bxd4 51. Ne7 Be3 52. Nxf5 Bxf4 53. Nxg7 Kb4 54.
Nf5 Kc5 55. Kd3 Kd5 56. Nd4 Bd6 57. Nf5 Bf8 58. Ke3 Ke5 59. Ng3 Kf6 60. Ne4+ Kf5 61. Kf3 Bb4 62. Nf2 Kg5 63. Nd3 Bd6 64. b4 Kxh5 65.
b5 Kg5 66. Nf2 Kf5 67. Ne4 Bc7 68. Nc5 h5 69. Nd7 h4 70. b6 Bd6 71. Nb8 Bxb8 72. b7 Kg5 73. Kg2 Kg4 74. Kh1 Kh3 75. Kg1 Kg3 76.
Kh1 h3 77. Kg1 Kg4 78. Kh1 Kh4 79. Kg1 Kg3 80. Kh1 Ba7 81. b8=Q+ Bxb8 82. Kg1 1/2-1/2

[Event "*** SCC Grand Prix: Titled Tuesday Blitz"]
[Site "Chess.com"]
[Date "2020.10.06"]
[Round "10"]
[White "karwowskikacper"]
[Black "Sven_Tica"]
[Result "0-1"]
[WhiteElo "2474"]
[BlackElo "2646"]
[TimeControl "180+1"]
[EndTime "11:58:30 PDT"]
[Termination "Sven_Tica won by checkmate"]

1. e4 c5 2. Nf3 Nf6 3. Nc3 d5 4. exd5 Nxd5 5. Bb5+ Bd7 6. O-O Nxc3 7. Bxd7+ Qxd7 8.
dxc3 Qxd1 9. Rxd1 Nc6 10. Be3 e6 11. a3 Be7 12. b4 Rc8 13. Rab1 a6 14. bxc5 Na5 15. c6 Rxc6 16. Bb6 Nc4 17. Bd4 O-O 18. Rxb7 Bxa3 19. Ra7 Bd6 20. Ra1 a5 21. Rd7 e5 22.
Be3 h6 23. Nd2 Nxe3 24. fxe3 Ra8 25. c4 Bb4 26. Ra4 Kf8 27. Rd5 f6 28. Kf2 Ke7 29.
Ke2 Rd8 30. Rxd8 Kxd8 31. e4 Kc7 32. Nb1 Rxc4 33. c3 Rxe4+ 34. Kd3 Re1 35. cxb4 Rxb1 36. bxa5 Kb7 37. a6+ Ka7 38. Ra2 Rb6 39. Ke4 Rxa6 40. Rd2 Rc6 41. Rd7+ Kb6 42. Rxg7 Rc4+ 43. Ke3 Rf4 44.
g3 Rf5 45. Rg6 h5 46. Rh6 Kc5 47. Ke4 Rf2 48. Rxh5 Kd6 49. Rf5 Rxf5 50. Kxf5 Kd5 51. h4 e4 52. Kf4 Kd4 53. h5 e3 54. h6 e2 55. h7 e1=Q 56. h8=Q Qe4# 0-1

[Event "*** SCC Grand Prix: Titled Tuesday Blitz"]
[Site "Chess.com"]
[Date "2020.10.06"]
[Round "10"]
[White "Bigfish1995"]
[Black "GM_Levan_Pantsulaia"]
[Result "1-0"]
[WhiteElo "3104"]
[BlackElo "2816"]
[TimeControl "180+1"]
[EndTime "11:58:32 PDT"]
[Termination "Bigfish1995 won by resignation"]

1. e4 c6 2. d4 d5 3. f3 Qb6 4. a4 a6 5. a5 Qc7 6. c4 dxe4 7. fxe4 e5 8. d5 Nf6 9. Bd3 Bc5 10. Nf3 O-O 11. Nc3 Bg4 12. h3 Bh5 13. g4 Bg6 14.
Qe2 Nbd7 15. Bd2 cxd5 16. Nxd5 Nxd5 17. cxd5 Qd6 18. h4 f6 19. h5 Be8 20. Nh4 Rc8 21. Nf5 Qb8 22. b4 Bd4 23. Rb1 Kh8 24. Qh2 Bc3 25. Ne7 Bxd2+ 26. Qxd2 Rd8 27. Ng6+ Kg8 28. Nxf8 Nxf8 29. g5 f5 30. g6 hxg6 31. hxg6 Nxg6 32. Bc4 Bf7 33. exf5 Nf4 34. Qh2 Kf8 35. Qh8+ Ke7 36. Qxg7 Rg8 37. d6+ Kxd6 38. Qxf7 Ng2+ 39. Kf2 Qa7+ 40.
Kf1 Ne3+ 41. Ke1 Ng2+ 42. Kd2 Qd4+ 43. Kc2 Ne3+ 44. Kb3 Nxc4 45. Rh6+ 1-0

[Event "*** SCC Grand Prix: Titled Tuesday Blitz"]
[Site "Chess.com"]
[Date "2020.10.06"]
[Round "10"]
[White "AliKa2810"]
[Black "WIDBIFS"]
[Result "1-0"]
[WhiteElo "2579"]
[BlackElo "2722"]
[TimeControl "180+1"]
[EndTime "11:58:32 PDT"]
[Termination "AliKa2810 won on time"]

1. d4 Nf6 2. c4 g6 3. Nc3 Bg7 4. e4 d6 5. h3 O-O 6. Be3 Nc6 7.
d5 Nb4 8. Nf3 c6 9. Be2 e5 10. O-O c5 11. Ne1 Ne8 12. a3 Na6 13. Nd3 f5 14. b4 b6 15. Rb1 f4 16. Bd2 h5 17. Nb5 Bd7 18. Rb3 Qh4 19. bxc5 Nxc5 20. Nxc5 dxc5 21. a4 Bxb5 22. Rxb5 Nd6 23. Bf3 Nxc4 24.
Bc3 Nd6 25. Rb3 Rab8 26. Qa1 Rfe8 27. Re1 Bf6 28. Qd1 Kg7 29. Qe2 Qg5 30. Reb1 Kh6 31. a5 c4 32. R3b2 b5 33. Bb4 Nf7 34. a6 Be7 35.
Bxe7 Qxe7 36. Rxb5 Rxb5 37. Rxb5 Nd6 38. Rc5 Nxe4 39.
Rxc4 Nd6 40. Rc6 e4 41. Qd2 g5 42. Qb4 Rd8 43. Bxe4 Kg7 44. Bf3 Qe5 45. Bxh5 Nf5 46. Qb7+ Kh8 47. Rc7 1-0

[Event "*** SCC Grand Prix: Titled Tuesday Blitz"]
[Site "Chess.com"]
[Date "2020.10.06"]
[Round "10"]
[White "ChessSkool"]
[Black "youngKID"]
[Result "1-0"]
[WhiteElo "2754"]
[BlackElo "2808"]
[TimeControl "180+1"]
[EndTime "11:58:35 PDT"]
[Termination "ChessSkool won on time"]

1. c4 e5 2. g3 Nf6 3. Bg2 Nc6 4. Nc3 g6 5. e3 Bg7 6. Nge2 O-O 7. O-O d6 8. Rb1 a5 9. a3 Be6 10. d3 d5 11.
cxd5 Nxd5 12. Ne4 Qe7 13. Qc2 Rad8 14. Bd2 Kh8 15. Rfc1 Bc8 16. N2c3 Nb6 17. Nb5 f5 18. Nc5 Nd5 19. Qc4 Qf7 20. e4 fxe4 21. Nxe4 Be6 22.
Qc5 h6 23. Rf1 Nd4 24. Nxd4 b6 25. Qc6 exd4 26. Rbe1 Bf5 27. Re2 Rfe8 28. Rfe1 Re6 29. Ng5 hxg5 30. Rxe6 Bxe6 31. Rxe6 Ne7 32. Qxc7 Qxe6 33.
Qxd8+ Kh7 34. Be4 Bf6 35. Kg2 a4 36. h3 Nf5 37. Qc7+ Kh8 38. Qb8+ Kh7 39. Qb7+ Kh8 40. Bd5 Qe8 41. Qxb6 Qf8 42. Qe6 Kg7 43. Bb4 Be7 44.
Bd2 Kh7 45. Be4 Bd6 46. Bxf5 gxf5 47. Bxg5 1-0

[Event "*** SCC Grand Prix: Titled Tuesday Blitz"]
[Site "Chess.com"]
[Date "2020.10.06"]
[Round "10"]
[White "Larina_Marija"]
[Black "Savagelittlemole"]
[Result "0-1"]
[WhiteElo "2252"]
[BlackElo "2596"]
[TimeControl "180+1"]
[EndTime "11:58:37 PDT"]
[Termination "Savagelittlemole won on time"]

1. e4 c5 2. Nc3 g6 3. g3 Bg7 4.
Bg2 d6 5. Nge2 Nf6 6. d4 cxd4 7.
Nxd4 O-O 8. O-O Nc6 9. Nxc6 bxc6 10. e5 Ne8 11. Bxc6 Bh3 12. Bxa8 Qxa8 13. Qd5 Qc8 14. Re1 dxe5 15. Bg5 Nf6 16. Bxf6 Bxf6 17. Rad1 Bg7 18. Rd2 Qa6 19. Qd3 Qb7 20. Nd5 e6 21. Ne3 Qxb2 22. Qb3 e4 23. Qxb2 Bxb2 24. Rb1 Bc3 25. Rd7 a5 26. Ra7 Rd8 27. Rc7 Bf6 28. Nc4 Kg7 29. a4 h5 30. Nxa5 Rd2 31. Nb3 Re2 32. a5 e3 33. fxe3 Rg2+ 34. Kh1 Bg5 35. Re1 Rf2 36.
a6 Bxe3 37. Rc3 Ba7 38. Nc5 Rf3 39. Rxf3 Bxc5 40. Rc3 Bb6 41. Rce3 Ba7 42. Kg1 Bf5 43. Kf2 Bxc2 44. Kf3 Ba4 45. Ra3 Bc6+ 0-1

[Event "*** SCC Grand Prix: Titled Tuesday Blitz"]
[Site "Chess.com"]
[Date "2020.10.06"]
[Round "10"]
[White "Aleksey_Sorokin"]
[Black "nrvisakh"]
[Result "1/2-1/2"]
[WhiteElo "2829"]
[BlackElo "2793"]
[TimeControl "180+1"]
[EndTime "11:58:38 PDT"]
[Termination "Game drawn by repetition"]

1. d4 Nf6 2. c4 e6 3. Nf3 Bb4+ 4. Nbd2 b6 5. a3 Bxd2+ 6. Qxd2 Bb7 7. e3 O-O 8. Be2 a5 9. b3 d6 10. O-O Nbd7 11.
Bb2 Qe7 12. Rfd1 Rfd8 13. Rac1 Ne4 14. Qc2 c5 15. d5 exd5 16. cxd5 Ndf6 17. Bc4 b5 18.
Bxb5 Bxd5 19. Rxd5 Nxd5 20. Bc6 Ndf6 21. Bxa8 Rxa8 22.
Nd2 Nxd2 23. Qxd2 h6 24. f3 Rb8 25. Qxa5 Qxe3+ 26. Kf1 Qd3+ 27. Kf2 Rxb3 28. Bxf6 gxf6 29. Qe1 Rb2+ 30. Kg1 Re2 31. Qg3+ Kh7 32. Rf1 c4 33.
Qh4 Qe3+ 34. Kh1 Qe6 35. Rg1 c3 36. Qd4 Qe5 37. Qd3+ Kg7 38. f4 Qe3 39. Qxe3 Rxe3 40. Rc1 d5 41. Kg1 d4 42. Kf2 Re8 43. a4 Rd8 44.
Ke2 d3+ 45. Kd1 Rd4 46. g3 c2+ 47. Kd2 Rxa4 48. Kxd3 Ra2 49. Rxc2 Rxc2 50. Kxc2 Kg6 51. Kd3 Kf5 52. h3 h5 53. Ke3 Ke6 54. Kd4 Kf5 55.
Ke3 Ke6 56. Ke4 f5+ 57. Kd4 Kd6 58. Kc4 Kc6 59. Kd4 Kd6 60. h4 f6 61. Kc4 Kc6 62. Kd4 Kd6 63. Kc4 Kc6 64. Kd4 Kd6 1/2-1/2